 Dungeon Crawl Stone Soup version 0.27.0-1-g7a089689b8 (webtiles) character file.

Game seed: 4502984279942856368

9513 ZARRMARR the Grappler (level 11, -10/83 HPs)
             Began as a Ghoul Gladiator on Aug 5, 2021.
             Was a High Priest of Okawaru.
             Mangled by an orc warlord (33 damage)
             ... on level 1 of the Orcish Mines on Aug 6, 2021.
             The game lasted 01:17:42 (14419 turns).

ZARRMARR the Grappler (Ghoul Gladiator)            Turns: 14419, Time: 01:17:43

Health: -10/83     AC: 17    Str: 22      XL:     11   Next: 47%
Magic:  13/13      EV: 14    Int:  2 (3)  God:    Okawaru [*****.]
Gold:   1716       SH:  0    Dex: 16      Spells: 13/15 levels left

rFire    . . .     SeeInvis .     - Unarmed
rCold    + . .     Faith    .   (no shield)
rNeg     + + +     Spirit   .   B - +4 acid dragon scales
rPois    ∞         Reflect  .   b - +1 helmet
rElec    .         Harm     .   (no cloak)
rCorr    +         Rampage  .   o - +0 pair of gloves
Will     +....                  u - +2 pair of boots
Stlth    ++........             (no amulet)
HPRegen  0.00/turn              i - ring of willpower
MPRegen  0.13/turn              d - +6 ring of dexterity

@: about to teleport, inhibited regen
A: claws 1, cold resistance 1, negative energy resistance 3, inhibited
regeneration, torment resistance 2
a: Renounce Religion, Heroism, Finesse


You were on level 1 of the Orcish Mines.
You worshipped Okawaru.
Okawaru was extremely pleased with you.
You visited 2 branches of the dungeon, and saw 11 of its levels.
You also visited: Bailey.

You collected 1716 gold pieces.

Inventory:

Hand Weapons
 H - the +7 short sword of Exquisite Torment {freeze, rC+ Will+}
   (You found it on level 8 of the Dungeon)

   It freezes those it strikes, dealing additional cold damage.
   It can also slow down cold-blooded creatures.
   rC:        It protects you from cold.
   Will:      It increases your willpower.
Missiles
 c - 2 throwing nets
 h - 272 stones
 n - 60 boomerangs (quivered)
Armour
 b - a +1 helmet (worn)
 o - a +0 pair of gloves (worn)
 u - a +2 pair of boots (worn)
 B - +4 acid dragon scales (worn)
 I - a +2 robe of cold resistance
Magical Staves
 L - a staff of poison
Jewellery
 d - a +6 ring of dexterity (right hand)
 i - a ring of willpower (left hand)
 D - a ring of protection from cold
 G - a ring of flight
Wands
 F - a wand of polymorph (9)
 K - a wand of flame (24)
 N - a wand of charming (9)
Scrolls
 e - a scroll of holy word
 f - 2 scrolls of silence
 p - a scroll of torment
 q - 2 scrolls of immolation
 s - 3 scrolls of noise
 t - 5 scrolls of teleportation
 v - 2 scrolls of vulnerability
 w - a scroll of brand weapon {unknown}
 y - a scroll of amnesia
 z - a scroll of fog {unknown}
 C - a scroll of summoning {unknown}
 M - a scroll of magic mapping {unknown}
 O - a scroll of blinking {unknown}
Potions
 a - a potion of attraction {unknown}
 g - 3 potions of lignification {unknown}
 j - 2 potions of invisibility {unknown}
 l - a potion of ambrosia {unknown}
 m - 7 potions of curing
 r - a potion of heal wounds
 x - a potion of might {unknown}
 A - a potion of haste {unknown}
 E - 2 potions of brilliance {unknown}
Miscellaneous
 J - a lightning rod (4/4)


   Skills:
 + Level 3.8 Fighting
 + Level 8.0 Throwing
 + Level 4.1 Armour
 + Level 5.0 Dodging
 + Level 2.1 Stealth
 + Level 11.1 Unarmed Combat
 * Level 2.5 Spellcasting
 * Level 5.4 Transmutations
 * Level 6.6 Earth Magic


You had 13 spell levels left.
You knew the following spells:

 Your Spells              Type           Power      Damage    Failure   Level
a - Passwall              Tmut/Erth      1%         N/A       8%          2

Your spell library contained the following spells:

 Spells                   Type           Power      Damage    Failure   Level
 Stone Arrow              Conj/Erth      2%         3d7       43%         3
 Corpse Rot               Necr/Air       N/A        N/A       67%         2
 Poisonous Vapours        Pois/Air       0%         N/A       67%         2
 Slow                     Hex            0%         N/A       67%         2
 Confusing Touch          Hex            0%         N/A       88%         3
 Conjure Flame            Conj/Fire      0%         6-21      88%         3
 Vampiric Draining        Necr           0%         2d6       88%         3
 Fulminant Prism          Conj/Hex       0%         3d6       99%         4
 Summon Lightning Spire   Summ/Air       0%         N/A       99%         4
 Yara's Violent Unravell  Hex/Tmut       0%         3d3       99%         5
 Freezing Cloud           Conj/Ice/Air   0%         6-21      100%        5
 Summon Mana Viper        Hex/Summ       0%         N/A       100%        5
 Maxwell's Capacitive Co  Air            0%         ∞         100%        8
 Ice Form                 Ice/Tmut       Unusable   N/A       N/A         4
 Storm Form               Tmut/Air       Unusable   N/A       N/A         7

Dungeon Overview and Level Annotations

Branches:
Dungeon (9/15)             Temple (0/1) D:4             Orc (2/2) D:9
 Bailey (visited)
   Lair: D:8-11         Elf: Orc:2

Altars:
Cheibriados
Dithmenos
Fedhas
Gozag
Okawaru
Vehumet
Wu Jian

Shops:
D:6 :


Innate Abilities, Weirdness & Mutations

You thrive by killing the living.
You are immune to poison.
You have sharp fingernails.
Your flesh is cold resistant. (rC+)
You are immune to negative energy. (rN+++)
You do not regenerate when monsters are visible.
You are immune to unholy pain and torment.


Message History

Things that are here:
a +0 club; an orc skeleton
There is a stone staircase leading down here.
Done exploring.
You can't go up here!
You climb downwards.
The orc closely misses you.
The orc warlord hits you with a +0 great sword of protection.
The orc closely misses you.
The orc warlord hits you with a +0 great sword of protection.
There is a stone staircase leading up here.
The orc hits you but does no damage.
The orc warlord hits you with a +0 great sword of protection!
You climb upwards.
There is a stone staircase leading down here.
You fail to use your ability.
The orc hits you but does no damage.
The orc warlord roars a battlecry!
The orc goes into a battle-frenzy!
You punch the orc!
You kill the orc!
You feel better.
You punch the orc warlord!
The orc warlord is lightly wounded.
The orc warlord hits you with a +0 great sword of protection!!
You barely miss the orc warlord. You punch the orc warlord.
The orc warlord is lightly wounded.
The orc warlord hits you with a +0 great sword of protection!
You punch the orc warlord!
The orc warlord is lightly wounded.
The orc warlord hits you with a +0 great sword of protection!!
* * * LOW HITPOINT WARNING * * *
You feel much better.
The orc warlord hits you with a +0 great sword of protection!!
* * * LOW HITPOINT WARNING * * *
You feel much better. The orc warlord barely misses you.
As you read the scroll of teleportation, it crumbles to dust.
You feel strangely unstable.
The orc warlord hits you with a +0 great sword of protection.
* * * LOW HITPOINT WARNING * * *
The orc warlord hits you with a +0 great sword of protection!!
You die...

##.## ###...#
###.##..##
###........##
##...........##
#.............##
##.............##
##.o#...)[)#....##
#.@.....[>.......#
##.........)......#
#................##
##.............###
####...........##
##....#.......#
#....#.......##
##....#.##.###
##...#..#..##


You could see an orc warlord.

Vanquished Creatures
  2 two-headed ogres
  An orc high priest (Orc:2)
  Pikel (D:6)
  An orc sorcerer (Orc:1)
  A cyclops (D:9)
  3 trolls
  2 wyverns
  A steam dragon (D:7)
  3 vampire mosquitoes (D:8)
  2 wargs
  2 water moccasins
  Duvessa (D:7)
  2 acid dragons
  2 ice beasts
  15 orc warriors
  A black bear (D:5)
  A sky beast (D:3)
  5 centaurs
  An ogre (D:4)
  A phantom (D:7)
  A gnoll sergeant (D:3)
  2 bullfrogs
  Dowan (D:7)
  A wyvern skeleton (D:7)
  A water moccasin zombie (D:6)
  A water moccasin skeleton (D:5)
  4 killer bees (D:8)
  2 vampire bats (D:9)
  A howler monkey (D:8)
  A bullfrog zombie (D:7)
  A centaur skeleton (D:5)
  A centaur zombie (D:9)
  2 hounds (D:5)
  A bullfrog skeleton (D:5)
  7 orc priests
  5 iguanas
  15 orc wizards
  A killer bee zombie (D:6)
  A hound zombie (D:5)
  A howler monkey zombie (D:9)
  8 gnolls
  10 adders
  A white imp (D:6)
  2 ufetubi
  A worm (D:2)
  4 dart slugs
  62 orcs
  3 endoplasms
  2 giant cockroaches
  4 hobgoblins
  12 jackals
  19 kobolds
  3 quokkas
  8 ball pythons
  12 bats
  5 frilled lizards
  14 goblins
  8 rats
276 creatures vanquished.

Vanquished Creatures (others)
  3 fungi (D:1)
3 creatures vanquished.

Grand Total: 279 creatures vanquished

Notes
Turn   | Place    | Note
-------+----------+-------------------------------------------
     0 | D:1      | ZARRMARR the Ghoul Gladiator began the quest for the Orb.
     0 | D:1      | Reached XP level 1. HP: 17/17 MP: 0/0
    56 | D:1      | Reached XP level 2. HP: 24/24 MP: 1/1
   266 | D:1      | Found a faded altar of an unknown god.
   484 | D:1      | Reached skill level 4 in Unarmed Combat
   484 | D:1      | Reached XP level 3. HP: 29/29 MP: 2/2
  1505 | D:2      | Found an iron altar of Okawaru.
  1526 | D:2      | Reached XP level 4. HP: 30/37 MP: 3/3
  1593 | D:2      | Became a worshipper of Warmaster Okawaru
  2153 | D:2      | Reached skill level 1 in Armour
  2307 | D:2      | Reached skill level 5 in Unarmed Combat
  2307 | D:2      | Reached XP level 5. HP: 34/42 MP: 4/4
  2694 | D:3      | Got the Grimoire of Scorching Enchantment
  2959 | D:3      | Got the Volume of Congealing Stones
  2964 | D:3      | Learned a level 2 spell: Passwall
  3250 | D:3      | Noticed a sky beast
  3271 | D:3      | Killed a sky beast
  3271 | D:3      | Reached * piety under Okawaru
  3272 | D:3      | Reached XP level 6. HP: 21/50 MP: 5/5
  4009 | D:4      | Found a staircase to the Ecumenical Temple.
  5252 | D:3      | Reached skill level 6 in Unarmed Combat
  5252 | D:3      | Reached XP level 7. HP: 21/56 MP: 0/6
  6196 | D:5      | Entered Level 5 of the Dungeon
  6367 | D:5      | Reached ** piety under Okawaru
  6368 | D:5      | Reached skill level 1 in Transmutations
  6368 | D:5      | Reached skill level 1 in Earth Magic
  6702 | D:5      | Reached XP level 8. HP: 62/63 MP: 7/7
  6837 | D:5      | Reached skill level 7 in Unarmed Combat
  7199 | D:5      | Reached skill level 1 in Stealth
  7392 | D:5      | Found a radiant altar of Vehumet.
  7599 | D:6      | Found Torch's Book Boutique.
  8104 | D:6      | Found a snail-covered altar of Cheibriados.
  8379 | D:6      | Reached *** piety under Okawaru
  8380 | D:6      | Reached skill level 8 in Unarmed Combat
  8497 | D:6      | Found an iron altar of Okawaru.
  8510 | D:6      | Found an opulent altar of Gozag.
  8513 | D:6      | Found an ornate altar of the Wu Jian Council.
  8582 | D:7      | Noticed Pikel
  8598 | D:6      | Killed Pikel
  8599 | D:6      | Reached XP level 9. HP: 67/70 MP: 8/8
  8647 | D:7      | Reached **** piety under Okawaru
  9076 | D:7      | Noticed Duvessa
  9076 | D:7      | Noticed Dowan
  9092 | D:7      | Killed Duvessa
  9093 | D:7      | Reached skill level 5 in Throwing
  9104 | D:7      | Killed Dowan
  9146 | D:7      | Reached skill level 9 in Unarmed Combat
  9936 | D:8      | Reached XP level 10. HP: 51/77 MP: 9/9
  9941 | D:8      | Reached ***** piety under Okawaru
 10135 | D:8      | Identified the +7 short sword of Exquisite Torment {freeze,
                  | rC+ Will+}
 10137 | D:8      | Noticed a two-headed ogre
 10148 | D:8      | Killed a two-headed ogre
 10148 | D:8      | Received a gift from Okawaru
 10149 | D:8      | Reached skill level 10 in Unarmed Combat
 10149 | D:8      | Reached skill level 5 in Earth Magic
 10545 | D:9      | Found a shadowy altar of Dithmenos.
 10759 | D:9      | Found a flagged portal.
 10784 | Bailey   | Entered a bailey
 10964 | Bailey   | Found a burning altar of Makhleb.
 11132 | D:9      | Found a staircase to the Orcish Mines.
 11136 | D:9      | Noticed a two-headed ogre
 11159 | D:9      | Killed a two-headed ogre
 11160 | D:9      | Reached skill level 1 in Spellcasting
 11170 | D:9      | Reached skill level 5 in Dodging
 11177 | D:9      | Reached skill level 5 in Transmutations
 11452 | D:9      | Found a blossoming altar of Fedhas.
 11480 | D:9      | Reached XP level 11. HP: 83/83 MP: 12/12
 12468 | Orc:1    | Entered Level 1 of the Orcish Mines
 12492 | Orc:1    | Noticed a cyclops
 12512 | D:9      | Killed a cyclops
 12941 | Orc:2    | Entered Level 2 of the Orcish Mines
 13215 | Orc:2    | Noticed an orc high priest
 13524 | Orc:2    | Noticed an orc sorcerer
 13559 | Orc:2    | Noticed a soul eater
 13560 | Orc:2    | Noticed a sixfirhy
 13613 | Orc:1    | Killed an orc sorcerer
 13614 | Orc:1    | Reached skill level 11 in Unarmed Combat
 13867 | Orc:2    | Killed an orc high priest
 13867 | Orc:2    | Received a gift from Okawaru
 14035 | Orc:1    | Noticed an orc warlord
 14035 | Orc:1    | Noticed an orc knight
 14035 | Orc:1    | Noticed an orc sorcerer
 14416 | Orc:1    | HP: 2/83 [orc warlord (27)]
 14419 | Orc:1    | Mangled by an orc warlord

Illustrated notes

Levels and vault maps discovered:
D:1:      dpeg_arrival_water_temple_mockup, layout_loops_ring,
          dreamdust_ecumenical_altar_grove
D:2:      minmay_diamond_boxcup, layout_loops_corners, basic_altar,
          grunt_ministairs_5
D:3:      layout_loops_ring
D:4:      layout_loops_cross, minmay_temple_entry_overgrown, lightli_minifort
D:5:      layout_cave_pools, minmay_ruined_shrine
D:6:      layout_loops_cross, lemuel_doored_altar,
          minmay_overflow_temple_star_quad, serial_shops,
          nicolae_shop_statue_plus, kennysheep_generic_room_12
D:7:      layout_loops_ring, uniq_pikel, uniq_duvessa
D:8:      layout_loops_ring
D:9:      layout_irregular_city, fedhas_altar_1,
          mainiacjoe_overflow_surrounded_room, david_orc_3, enter_bailey_5,
          hangedman_abyss_or_decor_stagger, chequers_serial_rivers_micro_d,
          roderic_batcave
Orc:1:    layout_caves, minmay_orc_barracks
Orc:2:    st_orc_mages, layout_diamond_mine

Skill      XL: |  1  2  3  4  5  6  7  8  9 10 11 |
---------------+----------------------------------+-----
Dodging        | 3 4 5 |  5.0
Unarmed Combat | 4 5 6 8 9 10 11 | 11.1
Throwing       | 2 3 4 5 7 8 |  8.0
Armour         | 1 2 3 4 |  4.1
Fighting       | 3 |  3.8
Transmutations | 1 2 4 5 |  5.4
Earth Magic    | 1 3 4 5 6 |  6.6
Stealth        | 1 2 |  2.1
Spellcasting   | 1 2 |  2.5

Action                   |  1- 3 |  4- 6 |  7- 9 | 10-12 || total
-------------------------+-------+-------+-------+-------++-------
Melee: Unarmed           |   102 |   265 |   274 |   258 ||   899
       Punch             |     1 |     2 |     6 |    24 ||    33
Throw: Stone             |    28 |    98 |    38 |       ||   164
       Throwing net      |     1 |       |     1 |       ||     2
       Boomerang         |       |       |    97 |   214 ||   311
Invok: Heroism           |       |       |       |     2 ||     2
  Use: Scroll            |       |     6 |     6 |     3 ||    15
       Potion            |       |     2 |       |     2 ||     4
 Stab: Sleeping          |       |       |       |     1 ||     1
Armor: Leather armour    |    32 |    79 |    36 |       ||   147
       Acid dragon scale |       |       |    72 |    93 ||   165
Dodge: Dodged            |    50 |   155 |   196 |   164 ||   565
